 Dungeon Crawl Stone Soup version 0.31-a0-188-g5e087ee2ca (webtiles) character file.

Game seed: 6395152207448613235

49 qw the Shooter (level 3, -6/20 HPs)
             Began as a Deep Elf Hunter on June 22, 2023.
             Killed by nerve-wracking pain
             ... invoked by Grinder
              (10 damage)
             ... while paralysed by Grinder
             ... on level 3 of the Dungeon.
             The game lasted 00:00:29 (1422 turns).

qw the Shooter (Deep Elf Hunter)                    Turns: 1422, Time: 00:00:29

Health: -6/20      AC:  5    Str: 10    XL:     3   Next: 53%
Magic:  5/5        EV:  2    Int: 13    God:
Gold:   111        SH:  0    Dex: 24    Spells: 2/2 levels left

rFire   + . .        Y - +0 shortbow
rCold   + . .        (shield currently unavailable)
rNeg    . . .        i - +0 ring mail
rPois   .            (no helmet)
rElec   .            h - scarf {rC+ rF+}
rCorr   .            (no gloves)
SInv    .            (no boots)
Will    .....        (no amulet)
Stlth   ++           f - +6 ring of dexterity
HPRegen 0.23/turn    (no ring)
MPRegen 0.09/turn

%: no passive effects
@: paralysed
A: no striking features
a: no special abilities


You were on level 3 of the Dungeon.
You visited 1 branch of the dungeon, and saw 3 of its levels.

You collected 111 gold pieces.


   Skills:
 - Level 1.5 Fighting
 + Level 7.0 Ranged Weapons
 - Level 2.6 Dodging
 - Level 1.2 Stealth


You had 2 spell levels left.
You didn't know any spells.
Your spell library was empty.

Inventory:

Hand Weapons
 Y - a +0 shortbow (weapon)
Armour
 e - a +0 cloak
 h - a scarf of resistance (worn)
 i - a +0 ring mail (worn)
Jewellery
 f - a +6 ring of dexterity (left hand)
Potions
 a - a potion of enlightenment {unknown}
 g - a potion of lignification {unknown}
 j - a potion of might

Dungeon Overview and Level Annotations

Branches:
Dungeon (3/15)

Altars:

Annotations:
D:3 Grinder


Message History

You feel a little less mighty now.
You now have 111 gold pieces (gained 9).
Grinder comes into view.
Grinder shouts!
You shoot an arrow. The arrow hits Grinder.
Grinder is lightly wounded.
Grinder grins, showing sharp teeth.
You shoot an arrow. The arrow hits Grinder.
Grinder is lightly wounded.
Grinder hits you but does no damage.
You shoot an arrow. The arrow hits Grinder.
Grinder is moderately wounded.
Grinder barely misses you.
Grinder blinks!
You shoot an arrow.
The arrow hits Grinder but does no damage.
Grinder is moderately wounded.
Grinder gestures at you. Pain shoots through your body!
You shoot an arrow. The arrow hits Grinder.
Grinder is moderately wounded.
You start resting.
Grinder is nearby!
You shoot an arrow. The arrow hits Grinder.
Grinder is moderately wounded.
You shoot an arrow. The arrow hits Grinder.
Grinder is moderately wounded.
Grinder says, "My boss said I was rubbish.
His entrails said otherwise."
You shoot an arrow. The arrow hits Grinder.
Grinder is heavily wounded.
Grinder hits you!
Grinder blinks!
You shoot an arrow. The arrow completely misses Grinder.
You shoot an arrow. The arrow hits Grinder!
Grinder is severely wounded.
Grinder gestures at you.
You suddenly lose the ability to move!
Grinder hits you but does no damage. Grinder gestures at you.
Pain shoots through your body!
Ouch! That really hurt!
You die...

## ## . .. #.#.
######### .#. #.......#
.. ####.#.....# #.
#.......#..#
#.##.#5####.##.#..#..##
.......@.......#..#...#
...###.####.####..#...##
#. ###.####.......# ..
#.........#..#.# ...
#.....##..#..#.# ..#.
#.........#...<. ...#.
#.....###.##.#.# ..#.#.
#.....# #.##.#[# #######
#......#


You could see Grinder.

Vanquished Creatures
  2 dart slugs
  4 orcs (D:2)
  A bat (D:1)
  3 endoplasms (D:1)
  2 giant cockroaches
  4 goblins
  A hobgoblin (D:1)
  3 quokkas (D:2)
  3 ball pythons
  A frilled lizard (D:2)
  9 kobolds
  4 rats
37 creatures vanquished.

Notes
Turn   | Place    | Note
-------+----------+-------------------------------------------
     0 | D:1      | qw the Deep Elf Hunter began the quest for the Orb.
     0 | D:1      | Reached XP level 1. HP: 12/12 MP: 3/3
     0 | D:1      | 0 ||| qw: Version: 0.3-a-9-g12657ce
     0 | D:1      | 0 ||| qw: Game counter: 3016
     0 | D:1      | 0 ||| qw: Always use a shield: true
     0 | D:1      | 0 ||| qw: God list: Okawaru
     0 | D:1      | 0 ||| qw: Allow faded altars: false
     0 | D:1      | 0 ||| qw: Do Orc after D:15 true
     0 | D:1      | 0 ||| qw: Do second Lair branch before Depths: true
     0 | D:1      | 0 ||| qw: Lair rune preference: random
     0 | D:1      | 0 ||| qw: Plans: Normal
     0 | D:1      | 0 ||| PLANNING D:1-11
   174 | D:1      | Reached XP level 2. HP: 16/16 MP: 4/4
   231 | D:1      | Reached skill level 6 in Ranged Weapons
   842 | D:1      | Found a faded altar of an unknown god.
   846 | D:1      | 846 ||| UPGRADING to +0 cloak.
   851 | D:1      | 851 ||| UPGRADING to +6 ring of dexterity.
   852 | D:1      | 852 ||| READING scroll labelled XOEMOZ KOYCWIUTU.
   853 | D:1      | 853 ||| DROPPING scroll of butterflies.
  1046 | D:2      | Reached XP level 3. HP: 20/20 MP: 5/5
  1094 | D:2      | 1094 ||| FLEEEEING.
  1095 | D:2      | 1095 ||| FLEEEEING.
  1096 | D:2      | 1096 ||| FLEEEEING.
  1097 | D:2      | 1097 ||| FLEEEEING.
  1098 | D:2      | 1098 ||| FLEEEEING.
  1099 | D:2      | 1099 ||| FLEEEEING.
  1100 | D:2      | 1100 ||| FLEEEEING.
  1101 | D:2      | 1101 ||| FLEEEEING.
  1102 | D:2      | 1102 ||| FLEEEEING.
  1103 | D:2      | 1103 ||| FLEEEEING.
  1175 | D:2      | Reached skill level 7 in Ranged Weapons
  1320 | D:2      | 1320 ||| UPGRADING to scarf of resistance.
  1330 | D:2      | 1330 ||| UPGRADING to +0 ring mail.
  1340 | D:2      | 1340 ||| DROPPING +0 leather armour.
  1341 | D:2      | 1341 ||| READING scroll labelled KOAZARIOPA.
  1342 | D:2      | 1342 ||| READING scroll labelled QAIB LEID HAIR.
  1343 | D:2      | 1343 ||| DRINKING 2 inky potions.
  1409 | D:3      | Noticed Grinder
  1418 | D:3      | HP: 3/20 [Grinder (9)]
  1420 | D:3      | Paralysed by Grinder for 5 turns
  1422 | D:3      | Killed from afar by Grinder

Levels and vault maps discovered:
D:1:      dpeg_arrival_three_bigger_balls, layout_loops_ring,
          shapermc_ecumenical_altar_hornbeckon, reono_crystal_passage,
          kennysheep_minor_cross
D:2:      layout_rooms
D:3:      layout_loops_cross, fedhas_altar_fruit_tree, uniq_ijyb, uniq_grinder,
          uniq_terence

Skill      XL: |  1  2  3 |
---------------+----------+-----
Ranged Weapons | 6 7 |  7.0
Fighting       | |  1.5
Dodging        | |  2.6
Stealth        | |  1.2

Action                     || total
---------------------------++-------
   Fire: Shortbow          ||    95
    Use: Scroll            ||     3
         Potion            ||     1
 Armour: Leather armour    ||     2
         Ring mail         ||     2
  Dodge: Dodged            ||    13

Table legend:
 A = Non-vault XP
 B = Vault XP
 C = Vault XP percentage of total XP
 D = Non-vault monster count
 E = Vault monster count
 F = Vault count percentage of total count
                 A         B        C        D         E       F
            +---------+---------+-------+---------+---------+-------
      Total |      71 |       0 |   0.0 |      37 |       0 |   0.0
            +---------+---------+-------+---------+---------+-------
        D:1 |      30 |       0 |   0.0 |      17 |       0 |   0.0
        D:2 |      39 |       0 |   0.0 |      19 |       0 |   0.0
        D:3 |       2 |       0 |   0.0 |       1 |       0 |   0.0
            +---------+---------+-------+---------+---------+-------
